Map: Honorgrounds LE

Players

Loken

  • Race: Protoss Protoss
  • Spawn Location: 5:00

Lax - Winner!

  • Race: Zerg Zerg
  • League: Diamond
  • Spawn Location: 7:00

VOD

Have the link to the VOD?

Description

Time

  • Played on: March 13, 2017, 4:07 p.m.
  • Length: 9:38
Show
View Real Time Build Order
Export as new Build Order

Loken Protoss 

Build Orders: Nexus First 

Get SALT Encoding   

  12  0:01  Probe (Chrono Boost)  
  13  0:12  Probe (Chrono Boost)  
  14  0:25  Pylon  
  14  0:26  Probe (Chrono Boost)  
  15  0:43  Probe (Chrono Boost)  
  16  0:53  Probe (Chrono Boost)  
  17  1:02  Nexus  
  17  1:04  Probe (Chrono Boost)  
  18  1:15  Probe (Chrono Boost)  
  19  1:20  Pylon  
  19  1:27  Probe (Chrono Boost)  
  20  1:34  Assimilator  
  20  1:38  Probe (Chrono Boost)  
  21  1:47  Gateway  
  21  1:50  Probe (Chrono Boost)  
  22  2:08  Probe (Chrono Boost)  
  23  2:14  Gateway  
  23  2:19  Probe (Chrono Boost)  
  23  2:22  Probe (Chrono Boost)  
  25  2:29  Probe (Chrono Boost)  
  26  2:31  Assimilator  
  26  2:32  Probe (Chrono Boost)  
  27  2:39  Cybernetics Core  
  27  2:42  Probe (Chrono Boost)  
  27  2:43  Zealot, Probe (Chrono Boost)  
  31  2:50  Pylon  
  31  2:52  Probe (Chrono Boost)  
  32  3:03  Probe (Chrono Boost)  
  32  3:05  Zealot  
  35  3:10  Zealot  
  37  3:24  Probe (Chrono Boost)  
  38  3:27  Warp Gate  
  38  3:30  Probe (Chrono Boost)  
  38  3:32  Zealot  
  39  3:34  Probe (Chrono Boost)  
  39  3:37  Zealot  
  39  3:40  Probe (Chrono Boost)  
  42  3:45  Probe (Chrono Boost)  
  43  3:51  Probe (Chrono Boost)  
  43  3:53  Stargate  
  43  3:54  Stargate  
  44  3:56  Probe (Chrono Boost)  
  44  4:01  Probe (Chrono Boost)  
  46  4:25  Assimilator  
  46  4:29  Assimilator  
  46  4:32  Pylon  
  46  4:37  Pylon  
  46  4:41  Pylon  
  46  4:50  Stalker x2  
  46  4:51  Probe x2 (Chrono Boost)  
  52  4:54  Oracle  
  55  5:01  Oracle, Probe x2 (Chrono Boost)  
  60  5:10  Pylon  
  60  5:12  Probe x2 (Chrono Boost)  
  60  5:14  Gateway x2  
  62  5:22  Probe x2 (Chrono Boost)  
  64  5:32  Oracle  
  64  5:33  Probe x2 (Chrono Boost)  
  69  5:36  Oracle  
  72  5:42  Forge  
  72  5:43  Probe x2 (Chrono Boost)  
  72  5:46  Pylon  
  74  5:54  Probe (Chrono Boost)  
  75  6:03  Pylon  
  75  6:04  Pylon  
  75  6:06  Pylon  
  75  6:08  Void Ray  
  79  6:12  Void Ray  
  83  6:21  Stalker  
  83  6:23  Stalker  
  83  6:24  Adept x2  
  91  6:35  Nexus  
  91  6:59  Stalker x2  
  37  7:30  Stalker  
  37  7:31  Stalker x3  
  24  7:48  Probe (Chrono Boost)  
  25  7:54  Probe (Chrono Boost)  
  25  7:58  Probe x2 (Chrono Boost)  
  27  8:04  Probe (Chrono Boost)  
  29  8:08  Stalker x2, Probe (Chrono Boost)  
  29  8:09  Stalker, Probe (Chrono Boost)  
  37  8:13  Stalker  
  37  8:15  Probe (Chrono Boost)  
  37  8:19  Probe (Chrono Boost)  
  42  8:20  Probe (Chrono Boost)  
  42  8:25  Probe (Chrono Boost)  
  43  8:29  Probe (Chrono Boost)  
  43  8:30  Probe (Chrono Boost)  
  45  8:36  Void Ray, Probe (Chrono Boost)  
  45  8:40  Probe (Chrono Boost)  
  51  8:42  Probe (Chrono Boost)  
  51  8:46  Probe (Chrono Boost)  
  53  8:53  Photon Cannon, Probe (Chrono Boost)  
  54  8:57  Probe (Chrono Boost)  
  54  8:58  Pylon  
  55  9:03  Probe (Chrono Boost)  
  55  9:07  Probe (Chrono Boost)  
  57  9:10  Zealot x4  
  62  9:18  Probe (Chrono Boost)  
Show
View Real Time Build Order
Export as new Build Order

Lax Zerg - Winner!

Build Orders: Pool First 

Get SALT Encoding   

  12  0:02  Drone  
  13  0:08  Drone  
  14  0:22  Overlord  
  14  0:34  Spawning Pool  
  13  0:37  Drone  
  13  0:41  Drone  
  15  0:45  Drone  
  17  0:50  Drone  
  17  1:13  Hatchery  
  16  1:23  Zergling x6  
  19  1:30  Queen  
  21  1:53  Drone  
  22  1:55  Overlord  
  22  2:08  Extractor  
  21  2:19  Hatchery  
  21  2:20  Drone x3  
  23  2:40  Drone x6  
  29  2:45  Queen  
  31  3:06  Drone x2  
  31  3:07  Drone x3  
  36  3:39  Drone x2  
  36  3:40  Drone x4  
  40  3:43  Metabolic Boost  
  40  3:47  Drone  
  40  3:48  Overlord  
  41  4:02  Queen, Extractor  
  42  4:13  Drone  
  42  4:14  Drone x7  
  42  4:16  Lair  
  49  4:25  Extractor  
  49  4:26  Extractor  
  49  4:28  Zergling x2  
  48  4:44  Spine Crawler, Drone  
  48  4:45  Drone, Overlord  
  49  4:46  Overlord x4  
  49  5:02  Roach Warren, Spore Crawler  
  47  5:07  Spore Crawler  
  47  5:10  Spore Crawler  
  45  5:14  Drone  
  45  5:15  Drone x12  
  59  5:22  Hydralisk Den  
  58  5:42  Extractor  
  57  5:51  Nydus Network, Hydralisk  
  57  5:52  Hydralisk x6  
  57  5:53  Hydralisk  
  57  5:54  Hydralisk  
  57  5:56  Hydralisk  
  76  6:13  Zergling x8  
  76  6:14  Zergling x12  
  86  6:29  Overlord  
  86  6:30  Overlord x3  
  86  6:37  Nydus Canal  
  57  7:41  Hydralisk x9  
  57  7:42  Hydralisk x2  
  67  7:53  Queen x3  
  73  8:16  Nydus Canal  
  73  8:35  Zergling x12  
  73  8:36  Zergling x6  
  82  8:56  Zergling x2  
  82  8:57  Zergling x4  
  85  9:08  Hydralisk x8  
Tags
 
Add a new tag
Caveats
  • Supply blocks, unpowered buildings, or Contaminate may cause inaccurate times.
  • Supply counts are checked every 10 seconds.